 Dungeon Crawl Stone Soup version 0.29-a0-866-g0545e20025 (webtiles) character file.

Game seed: 14227268284993331267

49 Malachi the Ruffian (level 3, -4/36 HPs)
             Began as a Troll Monk on July 17, 2022.
             Slain by Sigmund
             ... wielding a +0 vampiric scythe
              (16 damage)
             ... on level 2 of the Dungeon.
             The game lasted 00:01:37 (1494 turns).

Malachi the Ruffian (Troll Monk)                    Turns: 1494, Time: 00:01:38

Health: -4/36      AC:  4    Str: 21    XL:     3   Next: 51%
Magic:  2/2        EV: 10    Int:  6    God:
Gold:   75         SH:  0    Dex: 12    Spells: 2/2 levels left

rFire   . . .      SeeInvis .     - Unarmed
rCold   . . .      Faith    .   (no shield)
rNeg    . . .      Spirit   .   a - +0 robe
rPois   .          Reflect  .   (helmet restricted)
rElec   .          Harm     .   (no cloak)
rCorr   .          Rampage  .   (gloves unavailable)
Will    .....                   (boots unavailable)
Stlth   +.........              (no amulet)
HPRegen 0.92/turn               (no ring)
MPRegen 0.08/turn               (no ring)

@: confused, ambrosia-drunk
A: large, unfitting armour, claws 3, regeneration 1, shaggy fur 1, tough skin 1
a: no special abilities


You were on level 2 of the Dungeon.
You visited 1 branch of the dungeon, and saw 2 of its levels.

You collected 75 gold pieces.

Inventory:

Armour
 a - a +0 robe (worn)
Scrolls
 d - a scroll of fog {unknown}
 e - 4 scrolls of teleportation {unknown}
 f - a scroll of enchant weapon {unknown}
 h - 3 scrolls of identify {unknown}
 j - a scroll of fear {unknown}
Potions
 c - a potion of might {unknown}
 g - a potion of mutation {unknown}
 i - a potion of berserk rage {unknown}


   Skills:
 - Level 2.4 Fighting
 - Level 2.4 Dodging
 - Level 1.0 Stealth
 + Level 4.6 Unarmed Combat


You had 2 spell levels left.
You didn't know any spells.
Your spell library contained the following spells:

 Spells                   Type           Power      Damage    Failure   Level
 Foxfire                  Conj/Fire      0%         2x1d4     45%         1
 Slow                     Hex            0%         N/A       45%         1
 Call Canine Familiar     Summ           0%         N/A       83%         3
 Confusing Touch          Hex            0%         N/A       83%         3
 Conjure Flame            Conj/Fire      0%         6-21      83%         3
 Inner Flame              Hex/Fire       0%         N/A       83%         3
 Portal Projectile        Hex/Tloc       0%         N/A       83%         3
 Vampiric Draining        Necr           0%         2d6       83%         3
 Flame Wave               Conj/Fire      0%         2d4       99%         4
 Leda's Liquefaction      Hex/Erth       0%         N/A       99%         4


Dungeon Overview and Level Annotations

Branches:
Dungeon (2/15)

Altars:

Shops:
D:1 =

Annotations:
D:2 Sigmund


Innate Abilities, Weirdness & Mutations

You are too large for most types of armour.
You have claws for hands.
Your natural rate of healing is unusually fast.
You are covered in fur. (AC +1)
You have tough skin. (AC +1)


Message History

Sigmund flickers and vanishes!
Deactivating autopickup; reactivate with Ctrl-A.
No target in view!
No target in view!
No target in view!
Something hits you!
You closely miss something. You claw something!
You hear some strange, mumbled words.
Something tries to affect you, but you resist.
You scratch something but do no damage. Something hits you.
You closely miss something.
You hear some strange, mumbled words.
A magic dart appears from out of thin air!
The magic dart hits you.
You closely miss something. You barely miss something.
You hear some strange, mumbled words.
A puff of flame appears from out of thin air!
The puff of flame hits you but does no damage.
You miss something. Something hits you but does no damage.
You miss something. Something hits you but does no damage.
You closely miss something. You miss something.
Something hits you but does no damage.
You barely miss something. You barely miss something.
You hear some strange, mumbled words.
Something tries to affect you, but you resist.
You closely miss something. Something hits you!
You closely miss something. Your claw misses something.
Something hits you but does no damage.
You barely miss something. You barely miss something. You miss something.
Your claw misses something. Something hits you!
You scratch something but do no damage. You barely miss something.
Something hits you!
* * * LOW HITPOINT WARNING * * *
You are confused.
You feel invigorated. Something hits you!
You die...

.#..###.#.#......
.#......#.#........ .
...............#..# .# #
##........##.###..##.#.#
....................... ..
P#.####...######...#.# #.#
#....P.#..# #!....# #.#
P......P..# #.{#..# #.#
P......#..######@.#..# #.#
PP.[..............#..# #.#
#.P....#..####.......###.#
#..P.P.#................)#
##P..P.#..####.##.##..##.#
..........####.##.##...#.########
.................................
.###)###...###.#....##.#.########
.# #.###.......#....##...#


There were no monsters in sight!

Vanquished Creatures
  A dart slug (D:2)
  A bat (D:1)
  3 endoplasms (D:1)
  3 giant cockroaches
  10 goblins
  6 hobgoblins (D:1)
  3 quokkas
  2 ball pythons (D:1)
  A frilled lizard (D:2)
  5 kobolds
  4 rats
39 creatures vanquished.

Vanquished Creatures (others)
  A plant (D:2)
1 creature vanquished.

Grand Total: 40 creatures vanquished

Notes
Turn   | Place    | Note
-------+----------+-------------------------------------------
     0 | D:1      | Malachi the Troll Monk began the quest for the Orb.
     0 | D:1      | Reached XP level 1. HP: 22/22 MP: 0/0
    82 | D:1      | Reached XP level 2. HP: 24/29 MP: 1/1
   464 | D:1      | Reached skill level 4 in Unarmed Combat
   493 | D:1      | Found Tomous's One-of-a-Kind Rings.
   660 | D:1      | Reached XP level 3. HP: 36/36 MP: 2/2
  1027 | D:2      | Found a faded altar of an unknown god.
  1468 | D:2      | Noticed Sigmund
  1494 | D:2      | Slain by Sigmund

Illustrated notes

Levels and vault maps discovered:
D:1:      minmay_arrival_diagonal_passages, layout_loops_corners,
          nicolae_shop_unique_rings
D:2:      cheibrodos_old_hovel, layout_basic,
          dreamdust_ecumenical_altar_statues, kennysheep_generic_room_3,
          uniq_sigmund

Skill      XL: |  1  2 |
---------------+-------+-----
Unarmed Combat | 4 |  4.6
Fighting       | |  2.4
Dodging        | |  2.4
Stealth        | |  1.0

Action                   || total
-------------------------++-------
Melee: Unarmed           ||    94
       Punch             ||     2
  Use: Potion            ||     1
 Stab: Sleeping          ||     7
Armor: Robe              ||    17
Dodge: Dodged            ||    25

Table legend: (Time is in decaauts)
 A = Elapsed time spent in this place.
 B = Non-inter-level travel time spent in this place.
 C = Inter-level travel time spent in this place.
 D = Time resting spent in this place.
 E = Time spent auto-exploring this place.
 F = Levels seen in this place.
 G = Mean time per level.
                   A        B        C        D        E       F      G
               +--------+--------+--------+--------+--------+-----+--------+
         Total |   1486 |   1474 |     12 |      0 |   1244 |   2 |  743.0 |
       Dungeon |   1486 |   1474 |     12 |      0 |   1244 |   2 |  743.0 |
               +--------+--------+--------+--------+--------+-----+--------+

Top non-repeatable levels by time:
     D:1: 852 daAuts
     D:2: 634 daAuts
